 Dungeon Crawl Stone Soup version 0.19.5 (webtiles) character file.

989 snowfan the Destroyer (level 7, -1/36 HPs)
             Began as a Deep Elf Wizard on May 11, 2017.
             Shot with an arrow by a centaur (11 damage)
             ... on level 6 of the Dungeon.
             The game lasted 00:19:47 (5663 turns).

snowfan the Destroyer (Deep Elf Wizard)             Turns: 5663, Time: 00:19:48

Health: -1/36      AC:  3    Str:  4    XL:     7   Next: 98%
Magic:  10/15      EV: 15    Int: 30    God:
Gold:   246        SH:  0    Dex: 13    Spells: 5 memorised, 3 levels left

rFire  . . .     SeeInvis .     n - +0 hunting sling
rCold  . . .     Gourm    .     a - +0 robe
rNeg   . . .     Faith    .     (no shield)
rPois  .         Spirit   .     b - +0 hat
rElec  .         Reflect  .     (no cloak)
rCorr  .         Harm     .     (no gloves)
MR     .....                    y - +0 pair of boots
Stlth  ++........               (no amulet)
                                w - ring of wizardry
                                d - +5 ring of intelligence

@: no status effects
A: no striking features
a: no special abilities


You were on level 6 of the Dungeon.
You were very hungry.

You visited 1 branch of the dungeon, and saw 6 of its levels.

You collected 246 gold pieces.

Inventory:

Hand Weapons
 g - a +0 dagger
 n - a +0 hunting sling (weapon)
Missiles
 f - 152 stones (quivered)
Armour
 a - a +0 robe (worn)
 b - a +0 hat (worn)
 y - a +0 pair of boots (worn)
Jewellery
 d - a +5 ring of intelligence (left hand)
 w - a ring of wizardry (right hand)
 x - an uncursed ring of flight
 A - an uncursed ring of see invisible {unknown}
 G - a +5 ring of dexterity {unknown}
Scrolls
 e - a scroll of noise {unknown}
 j - a scroll of fog {unknown}
 l - 4 scrolls of identify {unknown}
 o - a scroll of immolation {unknown}
 p - 2 scrolls of magic mapping {unknown}
 r - a scroll of recharging {unknown}
 u - 4 scrolls of teleportation {unknown}
 B - a scroll of remove curse {unknown}
 D - a scroll of random uselessness {unknown}
 H - a scroll of brand weapon {unknown}
Potions
 h - a potion of might
 m - a potion of ambrosia {unknown}
 s - a potion of invisibility {unknown}
 E - a potion of mutation {unknown}
 F - a potion of haste {unknown}
Books
 c - a book of Minor Magic

   Spells                             Type                      Level
   a - Magic Dart                     Conjuration                  1
   b - Blink                          Translocation                2
   c - Call Imp                       Summoning                    2
   d - Repel Missiles                 Charms/Air                   2
   e - Slow                           Hexes                        2
   f - Conjure Flame                  Conjuration/Fire             3
   g - Mephitic Cloud                 Conjuration/Poison/Air       3
 C - a book of Changes

   Spells                             Type                      Level
   a - Beastly Appendage              Transmutation                1
   b - Sticks to Snakes               Transmutation                2
   c - Spider Form                    Transmutation/Poison         3
   d - Ice Form                       Ice/Transmutation            4
   e - Blade Hands                    Transmutation                5
Comestibles
 i - 4 meat rations
 k - 3 fruits
 q - 2 beef jerkies
 t - 2 slices of pizza
 v - a royal jelly
 z - 2 bread rations


   Skills:
 + Level 6.1 Dodging
 - Level 2.4 Stealth
 - Level 4.4 Spellcasting
 - Level 8.7 Conjurations
   Level 1.1 Summonings
 - Level 1.1 Translocations


You had 3 spell levels left.
You knew the following spells:

 Your Spells              Type           Power        Failure   Level  Hunger
a - Magic Dart            Conj           ####         1%          1    None
c - Mephitic Cloud        Conj/Pois/Air  ###.....     2%          3    #......
d - Conjure Flame         Conj/Fire      ####....     1%          3    #......
m - Repel Missiles        Chrm/Air       #.....       4%          2    None
q - Blink                 Tloc           N/A          3%          2    None


Dungeon Overview and Level Annotations

Branches:
Dungeon (6/15)
 Temple: D:4-7

Altars:
Dithmenos
Makhleb
Okawaru
Trog
The Shining One


Message History

You feel less protected from missiles.
Casting: Magic Dart
Confirm with . or Enter, or press ? or * to list all spells.
Aiming: Magic Dart
Press: ? - help, Shift-Dir - straight line, f/p - centaur
Aim: a centaur, wielding a shortbow (lightly wounded)
The magic dart hits the centaur.
The centaur is heavily wounded.
The centaur shoots an arrow.
The arrow barely misses you.
Casting: Magic Dart
Confirm with . or Enter, or press ? or * to list all spells.
Aiming: Magic Dart
Press: ? - help, Shift-Dir - straight line, f/p - centaur
Aim: a centaur, wielding a shortbow (heavily wounded)
The magic dart hits the centaur.
The centaur is severely wounded.
The centaur shoots an arrow.
The arrow hits you!
* * * LOW HITPOINT WARNING * * *
The centaur shoots an arrow.
The arrow hits you!
You die...

#...# ########### #...# #####
#....##...# ####...#####.#.##
##.###.....##
#.........#.....###...#..≈)≈..#
#.............(.....<.#.§.§...#
#.........#.....###...#..§)≈..#
####..^#####.#.## ######.....##
#...# ###.# ##...##. #...# #@#
##'###. ##.## #'# #...... #.#
... ###.### ##.# ..c..
########.# ##..# .......
#.....<..#
#####...####.........#.##.....#
...........+......)..+........#
#####...####.........#.##.....#
#..## #.###....#


You could see a centaur.

Vanquished Creatures
  A phantom (D:6)
  An ice beast (D:6)
  3 ogres
  2 crimson imps (D:4)
  A bullfrog zombie (D:2)
  2 hounds
  2 orc priests (D:4)
  A centaur skeleton (D:4)
  3 orc wizards
  A gnoll shaman (D:5)
  An iguana (D:6)
  An adder (D:2)
  8 gnolls
  2 oozes
  A worm (D:4)
  2 leopard geckos
  12 orcs
  5 giant cockroaches
  4 goblins
  6 hobgoblins
  3 jackals (D:4)
  5 kobolds
  A quokka (D:4)
  3 ball pythons
  4 bats
  3 frilled lizards
  A goblin skeleton (D:4)
  A goblin zombie (D:4)
  2 hobgoblin zombies (D:4)
  2 jackal skeletons (D:4)
  A kobold skeleton (D:4)
  2 kobold zombies (D:4)
  An orc skeleton (D:4)
  3 rats
91 creatures vanquished.

Vanquished Creatures (others)
  A phantom (D:5)
1 creature vanquished.

Grand Total: 92 creatures vanquished

Notes
Turn   | Place    | Note
-------+----------+-------------------------------------------
     0 | D:1      | snowfan the Deep Elf Wizard began the quest for the Orb.
     0 | D:1      | Reached XP level 1. HP: 10/10 MP: 7/7
   397 | D:1      | Reached skill level 2 in Conjurations
   731 | D:1      | Reached XP level 2. HP: 15/15 MP: 6/9
  1225 | D:2      | Reached skill level 3 in Conjurations
  1412 | D:2      | Reached XP level 3. HP: 4/19 MP: 3/10
  1646 | D:2      | Learned a level 3 spell: Conjure Flame
  1690 | D:2      | Learned a level 2 spell: Blink
  1693 | D:2      | Learned a level 2 spell: Repel Missiles
  1716 | D:2      | Found a shadowy altar of Dithmenos.
  1790 | D:2      | Reached skill level 4 in Conjurations
  2244 | D:2      | Reached XP level 4. HP: 20/24 MP: 4/12
  2378 | D:3      | Learned a level 3 spell: Mephitic Cloud
  2477 | D:3      | Reached skill level 5 in Conjurations
  2615 | D:3      | Reached XP level 5. HP: 21/28 MP: 2/13
  3149 | D:4      | Found a glowing golden altar of the Shining One.
  3152 | D:4      | Reached skill level 6 in Conjurations
  3240 | D:4      | Noticed an ogre
  3254 | D:4      | Killed an ogre
  3254 | D:4      | Reached XP level 6. HP: 32/32 MP: 1/14
  3395 | D:4      | Reached skill level 7 in Conjurations
  3525 | D:4      | Found an iron altar of Okawaru.
  3683 | D:4      | Found an iron altar of Okawaru.
  3683 | D:4      | Found a faded altar of an unknown god.
  3688 | D:4      | Found a faded altar of an unknown god.
  3690 | D:4      | Found a faded altar of an unknown god.
  3692 | D:4      | Found a faded altar of an unknown god.
  3889 | D:4      | Reached skill level 8 in Conjurations
  4232 | D:4      | Reached XP level 7. HP: 36/36 MP: 0/15
  4517 | D:5      | Entered Level 5 of the Dungeon
  4835 | D:5      | Found a bloodstained altar of Trog.
  4929 | D:5      | Found a burning altar of Makhleb.
  5442 | D:6      | Reached skill level 5 in Dodging
  5663 | D:6      | Shot with an arrow by a centaur

Skill      XL: |  1  2  3  4  5  6  7 |
---------------+----------------------+-----
Conjurations   | 2 3 4 5 6 8 |  8.7
Dodging        | 6 |  6.1
Stealth        | |  2.4
Spellcasting   | |  4.4
Summonings     | |  1.1
Translocations | |  1.1

Action                   |  1- 3 |  4- 6 |  7- 9 || total
-------------------------+-------+-------+-------++-------
Melee: Dagger            |     4 |       |    10 ||    14
 Fire: Hunting sling     |       |    40 |    60 ||   100
 Cast: Magic Dart        |    70 |   140 |    96 ||   306
       Conjure Flame     |     1 |     4 |     9 ||    14
       Mephitic Cloud    |       |     2 |       ||     2
       Repel Missiles    |       |     1 |     1 ||     2
  Use: Potion            |       |       |     2 ||     2
 Stab: Sleeping          |       |       |     1 ||     1
  Eat: Chunk             |     4 |     2 |     3 ||     9
       Bread ration      |       |     1 |       ||     1
Armor: Robe              |     3 |     3 |     7 ||    13
       Skin              |       |       |    10 ||    10
Dodge: Dodged            |    17 |    19 |    41 ||    77
       Deflected         |       |       |     3 ||     3
